[Event "Titled Tuesday Blitz December 7 2021"]
[White "Begmuratov, Khumoyun"]
[Black "Brunner, Nicolas"]
[WhiteFideId "14210207"]
[BlackFideId "620246"]
[WhiteElo "1961"]
[BlackElo "2372"]
[Result "1-0"]
[Round "06"]
[TimeControl "180+1"]
[Date "2021.12.07"]
[WhiteClock "0:00:23"]
[BlackClock "0:00:06"]

1. e4 e5 2. Nf3 Nc6 3. Bb5 a6 4. Ba4 Nf6 5. O-O Be7 6. Re1 b5 7. Bb3 d6 8. c3 O-O 9. h3 Nb8 10. d4 Nbd7 11. Nbd2 Bb7 12. Bc2 Re8 13. Nf1 Bf8 14. Ng3 g6 15. d5 c5 16. Nh2 c4 17. Be3 Qc7 18. Ng4 Bg7 19. Nh6+ Kf8 20. Rf1 a5 21. h4 Nc5 22. Ng4 Nxg4 23. Qxg4 Bc8 24. Qe2 Bd7 25. h5 Kg8 26. f4 exf4 27. Bxf4 Re7 28. Qf3 Rf8 29. Bg5 Re5 30. Bf6 Bxf6 31. Qxf6 gxh5 32. Rf5 Bxf5 33. Nxh5 Ne6 34. exf5 Qd8 35. fxe6 Qxf6 36. Nxf6+ Kg7 37. Nd7 Re2 38. Nxf8 Kxf8 39. Bxh7 fxe6 40. dxe6 Rxb2 41. Be4 Ke7 42. Bf5 b4 43. g4 bxc3 44. Rc1 Rxa2 45. Rxc3 d5 46. g5 a4 47. g6 Rb2 48. g7 Rb8 49. Bh7 Kxe6 50. g8=Q+ Rxg8+ 51. Bxg8+ Ke5 52. Kf2 Kd4 53. Ra3 c3 54. Rxa4+ Kd3 55. Bxd5 c2 56. Be4+ Kd2 57. Bxc2 1-0


[Site "https://www.chess.com"]

[Event "Titled Tuesday Blitz December 7 2021"]
[White "Begunov, Konstantin"]
[Black "Stoyanov, Tsvetan"]
[WhiteFideId "4118510"]
[BlackFideId "2917173"]
[WhiteElo "2262"]
[BlackElo "2191"]
[Result "0-1"]
[Round "06"]
[TimeControl "180+1"]
[Date "2021.12.07"]
[WhiteClock "0:01:23"]
[BlackClock "0:02:18"]

1. d4 d5 2. c4 e6 3. Nc3 Nf6 4. cxd5 Nxd5 5. Nf3 c5 6. g3 Nc6 7. Bg2 cxd4 8. Nxd4 Nxc3 9. bxc3 Nxd4 10. cxd4 Bb4+ 11. Bd2 Qxd4 12. Qa4+ Bd7 13. Qd1 Bxd2+ 14. Kf1 Bc3 15. Qxd4 Bxd4 16. Rd1 Bb6 17. Bxb7 Rd8 18. Kg2 O-O 19. Be4 Bb5 20. e3 Rxd1 21. Rxd1 Rd8 22. Rc1 f5 23. Bf3 Kf7 24. h4 Rd2 25. a3 Bxe3 26. Rc7+ Kf6 27. Bh5 Rxf2+ 28. Kh1 g6 0-1


[Site "https://www.chess.com"]

[Event "Titled Tuesday Blitz December 7 2021"]
[White "Belyakov, Bogdan"]
[Black "Daniel, Damian"]
[WhiteFideId "24104795"]
[BlackFideId "1183621"]
[WhiteElo "2407"]
[BlackElo "2055"]
[Result "1-0"]
[Round "06"]
[TimeControl "180+1"]
[Date "2021.12.07"]
[WhiteClock "0:00:18"]
[BlackClock "0:00:06"]

1. e4 c5 2. c3 Nf6 3. e5 Nd5 4. d4 cxd4 5. cxd4 d6 6. Nf3 Nc6 7. Bc4 dxe5 8. dxe5 Nb6 9. Qxd8+ Nxd8 10. Be2 g6 11. Nc3 Bg7 12. Nb5 O-O 13. Nc7 Rb8 14. Be3 Nc6 15. Bf4 Bg4 16. O-O Bxf3 17. Bxf3 Bxe5 18. Bxe5 Nxe5 19. Be2 a6 20. a4 e6 21. a5 Nbd7 22. b4 Rfc8 23. Rfc1 Nc6 24. b5 Nd4 25. Bf1 Nb3 26. b6 Nf6 27. Bc4 Nxa1 28. Rxa1 Rd8 29. Re1 Rd4 30. Bb3 Nd5 31. Bxd5 exd5 32. g3 Ra4 33. Nxd5 Rxa5 34. Nf6+ Kg7 35. Ne8+ Kf8 36. Nf6 Rc8 37. h4 h5 38. Kg2 Rb5 39. Re3 Kg7 40. Ne8+ Kf8 41. Nd6 Rc6 42. Nxb5 axb5 43. Rb3 Rxb6 44. Rb4 Ke7 45. Kf3 Kd6 46. Ke3 Kc5 47. Rf4 f6 48. Kd3 b4 49. Kc2 b3+ 50. Kb2 Kd5 51. f3 Ke5 52. Re4+ Kf5 53. Rf4+ Ke6 54. Re4+ Kf7 55. Rd4 Rb5 56. Rc4 Ke6 57. Re4+ Kf7 58. Rc4 g5 59. Re4 Kg6 60. Rd4 Kf5 61. g4+ hxg4 62. Rxg4 1-0


[Site "https://www.chess.com"]

[Event "Titled Tuesday Blitz December 7 2021"]
[White "Budrewicz, Krzysztof"]
[Black "Gabdushev, Ruslan"]
[WhiteFideId "1127950"]
[BlackFideId "4137833"]
[WhiteElo "2242"]
[BlackElo "2312"]
[Result "1-0"]
[Round "06"]
[TimeControl "180+1"]
[Date "2021.12.07"]
[WhiteClock "0:00:20"]
[BlackClock "0:00:02"]

1. d4 Nc6 2. Nf3 d6 3. c4 Bg4 4. d5 Bxf3 5. exf3 Ne5 6. f4 Nd7 7. Nc3 g6 8. h4 Ngf6 9. Be2 c6 10. O-O Bg7 11. h5 gxh5 12. dxc6 bxc6 13. Bxh5 Nxh5 14. Qxh5 Nf6 15. Qf3 Qc8 16. f5 Nd7 17. Re1 Bf6 18. Ne4 Ne5 19. Nxf6+ exf6 20. Qe4 Kd8 21. f4 Nd7 22. Qe7+ Kc7 23. Rd1 Qf8 24. Qe3 Rg8 25. Bd2 Qg7 26. Ba5+ Kb7 27. Rd2 Rae8 28. Qf3 Re7 29. Rxd6 Nb8 30. Rad1 Rge8 31. Kf2 Qf8 32. R6d2 Qh6 33. Bb4 Re4 34. Bd6 Qh4+ 35. g3 Qh2+ 36. Kf1 Qh3+ 37. Qg2 Qxf5 38. b3 Na6 39. b4 R8e6 40. a3 Rxc4 41. Kg1 Rce4 42. Rf2 h5 43. Qf3 Re3 44. Qg2 Qg4 45. f5 Rxg3 46. Bxg3 Qxd1+ 47. Kh2 Re4 48. Qxe4 Qe1 49. Qxe1 1-0


[Site "https://www.chess.com"]

[Event "Titled Tuesday Blitz December 7 2021"]
[White "Colbow, Collin"]
[Black "Hasangatin, Ramil"]
[WhiteFideId "16201132"]
[BlackFideId "4122160"]
[WhiteElo "2137"]
[BlackElo "2375"]
[Result "1-0"]
[Round "06"]
[TimeControl "180+1"]
[Date "2021.12.07"]
[WhiteClock "0:00:09"]
[BlackClock "0:00:42"]

1. e4 c5 2. Nc3 e6 3. Nf3 Nc6 4. d4 cxd4 5. Nxd4 Nf6 6. Ndb5 Bc5 7. Bf4 O-O 8. Bd6 Bxd6 9. Qxd6 a6 10. Nd4 Ne8 11. Nxc6 bxc6 12. Qd4 d5 13. O-O-O Rb8 14. Bc4 Qa5 15. exd5 cxd5 16. Bb3 Nf6 17. f4 Qb6 18. Qd2 Bd7 19. g4 Bc6 20. g5 Ne4 21. Nxe4 dxe4 22. Rhe1 a5 23. Qd4 a4 24. Qxb6 Rxb6 25. Bc4 Rfb8 26. b3 Kf8 27. Kb2 Ke7 28. Kc3 f5 29. gxf6+ gxf6 30. Rg1 f5 31. Rg7+ Kf6 32. Rxh7 Be8 33. Rg1 axb3 34. axb3 Bf7 35. Rh6+ Ke7 36. Rg7 Rf8 37. h4 Rd6 38. h5 e3 39. Rg3 e5 40. Rxd6 Kxd6 41. fxe5+ Kxe5 42. Rxe3+ Kf4 43. Re7 Bxh5 44. b4 Rc8 45. b5 Bf3 46. b6 Rb8 47. Re6 Rc8 48. Kb4 Bd1 49. c3 Bc2 50. Re7 Be4 51. b7 Rb8 52. Ba6 Rh8 53. Kc5 Bf3 54. Kb6 Rh1 55. Ka7 Bxb7 56. Kxb7 Rc1 57. c4 Kg3 58. Kb6 f4 59. c5 f3 60. c6 Rb1+ 61. Kc5 Rc1+ 62. Kd6 Rd1+ 63. Ke6 Ra1 64. Bb5 Rb1 65. c7 Rc1 66. Kd7 f2 67. c8=Q Rd1+ 68. Ke8 f1=Q 69. Bxf1 Rxf1 70. Rg7+ Kf2 71. Rf7+ Ke1 72. Rxf1+ Kxf1 73. Ke7 Ke2 74. Ke6 Ke3 75. Ke5 Kd3 76. Qc5 Kd2 77. Qd4+ Ke2 78. Ke4 Ke1 79. Qb2 Kf1 80. Kf3 Ke1 81. Qe2# 1-0


[Site "https://www.chess.com"]

[Event "Titled Tuesday Blitz December 7 2021"]
[White "Csonka, Balazs"]
[Black "Nilsen, Tobias Lang"]
[WhiteFideId "742910"]
[BlackFideId "1521624"]
[WhiteElo "2404"]
[BlackElo "1979"]
[Result "1-0"]
[Round "06"]
[TimeControl "180+1"]
[Date "2021.12.07"]
[WhiteClock "0:00:07"]
[BlackClock "0:00:38"]

1. e4 e6 2. d4 d5 3. Nd2 a6 4. c3 Nf6 5. e5 Nfd7 6. Bd3 c5 7. Ne2 Nc6 8. f4 f6 9. Nf3 Be7 10. O-O O-O 11. Be3 cxd4 12. cxd4 f5 13. Kh1 Kh8 14. Rg1 Rg8 15. g4 g6 16. Qd2 Nb6 17. b3 Bd7 18. Rg2 Qc7 19. Rag1 a5 20. h4 Bb4 21. Qd1 Ne7 22. Ng5 Rg7 23. h5 Nc6 24. gxf5 gxf5 25. Nxe6 Bxe6 26. Rxg7 Qxg7 27. Rxg7 Kxg7 28. Ng3 Rf8 29. Bxf5 Bxf5 30. Nxf5+ Kh8 31. Nh6 Ne7 32. Qg4 Ng8 33. f5 Nxh6 34. Bxh6 Rg8 35. Qh4 Nd7 36. e6 Bf8 37. exd7 Bxh6 38. d8=Q a4 39. Qhf6+ Bg7 40. h6 Bxf6 41. Qxf6+ Rg7 1-0


[Site "https://www.chess.com"]

[Event "Titled Tuesday Blitz December 7 2021"]
[White "Demchenko, Anton"]
[Black "Aldokhin, Ivan"]
[WhiteFideId "4160258"]
[BlackFideId "24115720"]
[WhiteElo "2531"]
[BlackElo "2231"]
[Result "1/2-1/2"]
[Round "06"]
[TimeControl "180+1"]
[Date "2021.12.07"]
[WhiteClock "0:00:09"]
[BlackClock "0:00:04"]

1. e4 c5 2. Nf3 e6 3. d4 cxd4 4. Nxd4 a6 5. a3 Qc7 6. Nc3 Nf6 7. f4 d6 8. g4 h6 9. Be3 b5 10. g5 hxg5 11. fxg5 Nfd7 12. g6 Ne5 13. gxf7+ Qxf7 14. Be2 Be7 15. Kd2 Nbd7 16. Qg1 Bb7 17. Rf1 Bf6 18. Bg5 O-O-O 19. Kc1 Kb8 20. h4 Rc8 21. Qe3 Nc5 22. Rhg1 Qe7 23. Bxf6 gxf6 24. h5 Rc7 25. Kb1 Qh7 26. Rf4 Nc4 27. Bxc4 e5 28. Rxf6 exd4 29. Qxd4 bxc4 30. Rxd6 Qxh5 31. e5 Re8 32. Re1 Qf7 33. Rd8+ Rxd8 34. Qxd8+ Rc8 35. Qd4 Qc7 36. e6 Qe7 37. Qe5+ Qc7 38. Qd4 Ka8 39. Qxc4 Qc6 40. e7 Re8 41. Qf7 Qd7 42. Qf6 Qc6 43. Qe5 Nd7 44. Qg7 Nb6 45. Qf7 Qd7 46. b3 Nc8 47. Rd1 Qxe7 48. Qxe7 Rxe7 49. Na4 Rc7 50. Kb2 Ka7 51. Nc3 Bc6 52. Rg1 Re7 53. Rg6 Bb7 54. a4 Nb6 55. Na2 Nd5 56. Rg2 Ne3 57. Rd2 Nf1 58. Rf2 Ne3 59. Rd2 Rc7 60. Nb4 Rf7 61. Nd3 Nd5 62. Nc5 Ba8 63. Ne6 Nf4 64. Rf2 Nd3+ 65. cxd3 Rxf2+ 66. Kc3 Rh2 67. Nd4 Rh3 68. Ne6 Be4 69. Nf4 Rf3 70. Ne6 Rxd3+ 71. Kc4 Rh3 72. Nc5 Bd3+ 73. Nxd3 Rh4+ 74. Kc3 Kb6 75. Nb2 a5 76. Nc4+ Ka6 77. Kb2 Rh3 78. Ka3 Rh4 79. Ne5 Rh5 80. Nc4 Kb7 81. Kb2 Kc6 82. Kc3 Rg5 83. Kb2 Rh5 84. Ka3 Kb7 85. Kb2 Kc6 1/2-1/2


[Site "https://www.chess.com"]

[Event "Titled Tuesday Blitz December 7 2021"]
[White "Djordjevic, Vuk"]
[Black "Materia, Marco"]
[WhiteFideId "902098"]
[BlackFideId "45150451"]
[WhiteElo "2463"]
[BlackElo "2592"]
[Result "1-0"]
[Round "06"]
[TimeControl "180+1"]
[Date "2021.12.07"]
[WhiteClock "0:00:39"]
[BlackClock "0:00:11"]

1. d4 Nf6 2. Bg5 d5 3. Bxf6 exf6 4. e3 Be6 5. Ne2 Bd6 6. Nf4 Bxf4 7. exf4 O-O 8. Bd3 Re8 9. O-O Nc6 10. c3 Ne7 11. g4 c5 12. f5 Bd7 13. dxc5 Qc7 14. b4 b6 15. cxb6 axb6 16. Qf3 Nc6 17. Qg3 Ne5 18. Be2 Rac8 19. Rd1 Qb7 20. Nd2 Ba4 21. Nb3 Nc4 22. Bf3 Rcd8 23. Rd4 Ne5 24. Bg2 Bb5 25. h4 Bc4 26. f4 Nc6 27. Rd2 Qe7 28. Rad1 Qa7 29. g5 fxg5 30. hxg5 b5+ 31. Nc5 Ne7 32. Bh3 Qa3 33. f6 Nc6 34. fxg7 Nxb4 35. Bf5 Nxa2 36. Qh4 Qxc5+ 37. Kh1 h5 38. Qxh5 Kxg7 39. Qh6+ Kg8 40. Bh7+ Kh8 41. Bg6+ Kg8 42. Qh7+ Kf8 43. Qxf7# 1-0


[Site "https://www.chess.com"]

[Event "Titled Tuesday Blitz December 7 2021"]
[White "Donchenko, Alexander"]
[Black "Alinasab, Mobina"]
[WhiteFideId "24603295"]
[BlackFideId "12528897"]
[WhiteElo "2494"]
[BlackElo "2061"]
[Result "1-0"]
[Round "06"]
[TimeControl "180+1"]
[Date "2021.12.07"]
[WhiteClock "0:00:47"]
[BlackClock "0:00:02"]

1. e4 c5 2. Nf3 d6 3. Bb5+ Bd7 4. Bxd7+ Qxd7 5. c4 e5 6. Nc3 Nc6 7. d3 g6 8. O-O Bg7 9. a3 Nge7 10. b4 b6 11. Rb1 O-O 12. Nd5 Nxd5 13. cxd5 Nd4 14. Nxd4 exd4 15. Bd2 f5 16. bxc5 dxc5 17. f4 fxe4 18. dxe4 c4 19. Bb4 Rfe8 20. Qf3 c3 21. e5 Rad8 22. Bd6 Qf7 23. Rbd1 Rxd6 24. exd6 Rd8 25. Qe4 Rxd6 26. f5 Rd8 27. fxg6 Qxg6 28. Qe7 Qd6 29. Qf7+ Kh8 30. Rde1 h6 31. Re7 Rg8 32. Re6 Qd8 33. Rff6 Bxf6 34. Rxf6 Qf8 35. Qxf8 Rxf8 36. Rxf8+ Kg7 37. Rc8 Kf6 38. Kf2 Ke5 39. Ke2 Ke4 40. d6 1-0


[Site "https://www.chess.com"]

[Event "Titled Tuesday Blitz December 7 2021"]
[White "Durarbayli, Vasif"]
[Black "Aradhya, Garg"]
[WhiteFideId "13402935"]
[BlackFideId "25006746"]
[WhiteElo "2599"]
[BlackElo "2176"]
[Result "1-0"]
[Round "06"]
[TimeControl "180+1"]
[Date "2021.12.07"]
[WhiteClock "0:00:08"]
[BlackClock "0:00:04"]

1. e4 e5 2. Nc3 Nc6 3. f4 Bc5 4. Nf3 d6 5. Bb5 Ne7 6. fxe5 dxe5 7. d3 O-O 8. Bc4 Bg4 9. Bg5 Nd4 10. Rf1 c6 11. a3 h6 12. Bh4 b5 13. Ba2 Qd6 14. Qd2 Ng6 15. Bg3 Nxf3+ 16. gxf3 Bh3 17. Rh1 b4 18. axb4 Bxb4 19. O-O-O Rab8 20. d4 Ba3 21. Bb3 Rfd8 22. dxe5 Qxd2+ 23. Rxd2 Bxb2+ 24. Kxb2 Rxd2 25. e6 Rxb3+ 26. Kxb3 Bxe6+ 27. Kb2 h5 28. h4 f5 29. Bb8 a6 30. Bc7 fxe4 31. fxe4 Bg4 32. Ra1 Rd7 33. Bg3 Rb7+ 34. Kc1 Rb4 35. Rxa6 Rc4 36. Kd2 Nf8 37. Ra8 Kf7 38. Ra7+ Nd7 39. Bf2 Rb4 40. Kd3 Rb8 41. Bd4 g6 42. Ke3 Ke6 43. Bg7 Rg8 44. Bh6 Ne5 45. Bg5 Re8 46. Na4 Nc4+ 47. Kd4 Ne5 48. Nc5+ Kd6 49. Nb7+ Kc7 50. Nc5+ Kb8 51. Rb7+ Kc8 52. Ra7 Kb8 53. Rb7+ Kc8 54. Rb6 Kc7 55. Ra6 Nd7 56. Bf4+ Kd8 57. Ra8+ Ke7 58. Bg5+ Kf7 59. Ra7 Re7 60. Bxe7 Kxe7 61. Nxd7 Bxd7 62. Ke5 Kd8 63. Kf6 c5 64. e5 Bc6 65. c3 Be4 66. e6 Bf5 67. Rg7 Ke8 68. Rg8# 1-0


[Site "https://www.chess.com"]

[Event "Titled Tuesday Blitz December 7 2021"]
[White "Erdogdu, Mert"]
[Black "Osmonbekov, Talaibek"]
[WhiteFideId "6301495"]
[BlackFideId "2017253"]
[WhiteElo "2485"]
[BlackElo "2135"]
[Result "1-0"]
[Round "06"]
[TimeControl "180+1"]
[Date "2021.12.07"]
[WhiteClock "0:00:07"]
[BlackClock "0:00:04"]

1. e4 c5 2. Nf3 d6 3. d4 cxd4 4. Nxd4 Nf6 5. Nc3 g6 6. Be3 Bg7 7. f3 O-O 8. Qd2 Nc6 9. Bc4 Nxd4 10. Bxd4 Be6 11. Bb3 Qa5 12. O-O-O Rac8 13. Kb1 Bxb3 14. axb3 Rfe8 15. g4 a6 16. h4 b5 17. h5 b4 18. Na4 Rc6 19. hxg6 fxg6 20. Rhe1 Rec8 21. Rc1 e5 22. Be3 d5 23. exd5 Nxd5 24. Bh6 Rd8 25. Qh2 Bxh6 26. Qxh6 Nf4 27. Qg5 Re8 28. Re4 Qc7 29. Re3 Kg7 30. Qh4 h6 31. Qh2 g5 32. Rh1 Rc8 33. Rc1 Rf6 34. Qd2 Rd8 35. Qxb4 Rb8 36. Qc3 Nd5 37. Qxc7+ Nxc7 38. Rxe5 Nb5 39. Re3 Rb7 40. Nc5 Rbf7 41. Rf1 a5 42. c3 1-0


[Site "https://www.chess.com"]

[Event "Titled Tuesday Blitz December 7 2021"]
[White "Eynullayev, Atilla"]
[Black "Rozman, Levy"]
[WhiteFideId "13413570"]
[BlackFideId "2039877"]
[WhiteElo "1982"]
[BlackElo "2376"]
[Result "0-1"]
[Round "06"]
[TimeControl "180+1"]
[Date "2021.12.07"]
[WhiteClock "0:00:08"]
[BlackClock "0:00:05"]

1. e4 c6 2. Nf3 d5 3. Nc3 a6 4. d4 Bg4 5. h3 Bxf3 6. Qxf3 e6 7. Bd2 g6 8. O-O-O Bg7 9. e5 c5 10. dxc5 Nd7 11. Be3 Rc8 12. h4 h5 13. Bg5 Qa5 14. Nxd5 Qxc5 15. Nc3 Rc7 16. Be3 Qxe5 17. Bd4 Qxd4 18. Rxd4 Bxd4 19. Ne4 Be5 20. Bd3 Ne7 21. Re1 Nf5 22. g3 Ke7 23. Kb1 Rd8 24. Ng5 Nd6 25. g4 hxg4 26. Qxg4 Nf6 27. Qh3 Rc5 28. Nf3 Bf4 29. Nd4 Re5 30. Rxe5 Bxe5 31. Ne2 Nf5 32. a3 Rh8 33. Bxf5 gxf5 34. f4 Bd6 35. Qb3 b5 36. a4 Rxh4 37. axb5 axb5 38. Qxb5 Nd7 39. b4 Rh1+ 40. Kb2 Rh8 41. Qc4 Rb8 42. c3 Nb6 43. Qd3 Rc8 44. Qg3 Nc4+ 45. Kc2 Nb6 46. Qg5+ Ke8 47. Qg8+ Bf8 48. Qg3 Nd5 49. Kb3 Rd8 50. c4 Ne7 51. b5 Rc8 52. Nc3 Ng6 53. Na4 Bd6 54. Qd3 Ke7 55. c5 Bxf4 56. b6 Ne5 57. Qb5 Rh8 58. Qc6 Rh3+ 59. Nc3 Nxc6 60. Kc4 Be5 61. Kb5 Nd4+ 62. Ka6 Rxc3 63. c6 Ra3+ 64. Kb7 Nxc6 65. Kxc6 Rb3 66. Kb7 f4 0-1


[Site "https://www.chess.com"]

[Event "Titled Tuesday Blitz December 7 2021"]
[White "Gabrielian, Artur"]
[Black "Silva, Miguel Antonio Neto"]
[WhiteFideId "4131002"]
[BlackFideId "1911929"]
[WhiteElo "2440"]
[BlackElo "2204"]
[Result "1-0"]
[Round "06"]
[TimeControl "180+1"]
[Date "2021.12.07"]
[WhiteClock "0:00:29"]
[BlackClock "0:00:53"]

1. e4 c5 2. Nc3 d6 3. d4 cxd4 4. Qxd4 Nc6 5. Qd2 g6 6. b3 Bg7 7. Bb2 Nf6 8. O-O-O O-O 9. f3 Be6 10. Nge2 Qa5 11. Kb1 Rfc8 12. Nf4 Bh6 13. g3 Nh5 14. Nce2 Qxd2 15. Rxd2 a6 16. a3 Ne5 17. Bg2 Nd7 18. Rdd1 Nxf4 19. Nxf4 Bxf4 20. gxf4 f6 21. h4 h5 22. Rhg1 Kf7 23. Bf1 b5 24. Bd3 Nc5 25. Be2 Bd7 26. Rg2 Bh3 27. Rg3 Bd7 28. Rdg1 Rg8 29. Bd4 Rac8 30. Kb2 Be6 31. Be3 Rc7 32. f5 Bd7 33. Rxg6 Rxg6 34. fxg6+ Kg7 35. Bd4 e5 36. Bxc5 dxc5 37. f4 exf4 38. Bxh5 Rc8 39. Bf3 Rh8 40. h5 Kh6 41. Rd1 Bc6 42. Rd6 Ba8 43. Rxf6 Re8 44. Rxf4 Kg5 45. Rf5+ Kh6 46. Rxc5 Bxe4 47. Bxe4 Rxe4 48. b4 1-0


[Site "https://www.chess.com"]

[Event "Titled Tuesday Blitz December 7 2021"]
[White "Gaehwiler, Gabriel"]
[Black "Cruz Mendez, Jean Marco"]
[WhiteFideId "1314530"]
[BlackFideId "3526402"]
[WhiteElo "2383"]
[BlackElo "2064"]
[Result "1-0"]
[Round "06"]
[TimeControl "180+1"]
[Date "2021.12.07"]
[WhiteClock "0:00:06"]
[BlackClock "0:00:20"]

1. Nf3 Nf6 2. c4 g6 3. g3 Bg7 4. Bg2 O-O 5. O-O d6 6. b3 Ne4 7. d4 a5 8. Bb2 a4 9. Qc1 f5 10. d5 e5 11. dxe6 Bxe6 12. Bxg7 Kxg7 13. Nc3 axb3 14. axb3 Rxa1 15. Qxa1 Qf6 16. Nxe4 fxe4 17. Ng5 Bg4 18. Qxf6+ Rxf6 19. Nxe4 Re6 20. Re1 Nc6 21. Nc3 Nd4 22. Bxb7 Nxe2+ 23. Nxe2 Rxe2 24. Rxe2 Bxe2 25. f4 Kf6 26. Kf2 Bd1 27. b4 Bb3 28. Bd5 h6 29. h4 g5 30. hxg5+ hxg5 31. Ke3 Bc2 32. Be4 Bb3 33. Kd4 Ba4 34. c5 dxc5+ 35. Kxc5 Bd7 36. Kd5 Bb5 37. Kd4 Bd7 38. Bd3 Bc8 39. Kc5 Bd7 40. Kd5 Be8 41. Bc2 Bd7 42. Bd1 Be8 43. Bg4 Ba4 44. Bc8 Bb5 45. Kc5 Be8 46. Bg4 Ba4 47. Be2 Bd7 48. Bb5 Bc8 49. Kc6 gxf4 50. gxf4 Kf5 51. Kxc7 Be6 52. Bd7 1-0


[Site "https://www.chess.com"]

[Event "Titled Tuesday Blitz December 7 2021"]
[White "Gasanov, Eldar"]
[Black "Gontcharov, Vladislav"]
[WhiteFideId "14104466"]
[BlackFideId "4123492"]
[WhiteElo "2454"]
[BlackElo "2503"]
[Result "0-1"]
[Round "06"]
[TimeControl "180+1"]
[Date "2021.12.07"]
[WhiteClock "0:00:09"]
[BlackClock "0:00:05"]

1. d4 Nf6 2. c4 c5 3. d5 e6 4. Nf3 exd5 5. cxd5 d6 6. e4 g6 7. Bd3 Bg7 8. O-O O-O 9. h3 b5 10. Re1 c4 11. Bf1 Re8 12. Nbd2 Bb7 13. a4 a6 14. Qc2 Nbd7 15. axb5 axb5 16. Rxa8 Qxa8 17. b3 c3 18. Qxc3 Nxd5 19. Qd3 Nc5 20. Qxb5 Nc3 21. Qb6 N3xe4 22. Nxe4 Nxe4 23. Bb5 Rb8 24. Bc4 d5 25. Bf4 Rc8 26. Bf1 Bc3 27. Rc1 Bb2 28. Rxc8+ Qxc8 29. Be5 Ba3 30. Bd4 Bd6 31. b4 Qc6 32. Qd8+ Bf8 33. Ne5 Qc8 34. Qxc8 Bxc8 35. b5 f6 36. Nc6 Kf7 37. b6 Nd6 38. g3 Ke6 39. Kg2 Kd7 40. Na5 Nb7 41. Ba6 Nxa5 42. Bb5+ Kd6 43. Bxf6 Bb7 44. Bd4 Nc4 45. Kf1 Be7 46. Ke2 Bd8 47. Bxc4 dxc4 48. Kd2 Kd5 49. Kc3 Ba6 50. Be3 Kc6 51. Kb4 Bxb6 52. Bxb6 Kxb6 0-1


[Site "https://www.chess.com"]

[Event "Titled Tuesday Blitz December 7 2021"]
[White "Gelman, Alexander"]
[Black "Terry, Renato"]
[WhiteFideId "4118316"]
[BlackFideId "3803457"]
[WhiteElo "2375"]
[BlackElo "2577"]
[Result "0-1"]
[Round "06"]
[TimeControl "180+1"]
[Date "2021.12.07"]
[WhiteClock "0:00:13"]
[BlackClock "0:00:17"]

1. d4 Nf6 2. Nc3 d5 3. Bf4 Nh5 4. Bg5 h6 5. Bh4 g5 6. e4 Nf6 7. e5 gxh4 8. exf6 e6 9. Qf3 Nd7 10. Qf4 Qxf6 11. Qxc7 Qxd4 12. Nf3 Qb4 13. Bb5 Bd6 14. a3 Qf4 15. Qa5 h3 16. Be2 hxg2 17. Rg1 Rg8 18. Rd1 Bc7 19. Qb5 a6 20. Qd3 Ne5 21. Qh7 Kf8 22. Nxe5 Bxe5 23. Rd3 Qxh2 24. Rf3 Qxg1+ 25. Kd2 Bg7 26. Rxf7+ Kxf7 27. Bh5+ Ke7 28. Qxg8 Qxf2+ 29. Ne2 Qf8 30. Qh7 Bd7 31. Nf4 Qxf4+ 0-1


[Site "https://www.chess.com"]

[Event "Titled Tuesday Blitz December 7 2021"]
[White "Golubka, Petro"]
[Black "Stepanencu, Nicodim-Cosmin"]
[WhiteFideId "14114224"]
[BlackFideId "1256220"]
[WhiteElo "2392"]
[BlackElo "1704"]
[Result "0-1"]
[Round "06"]
[TimeControl "180+1"]
[Date "2021.12.07"]
[WhiteClock "0:01:55"]
[BlackClock "0:00:55"]

1. e4 c5 2. Nf3 d6 3. d4 cxd4 4. Nxd4 Nf6 5. Nc3 a6 6. Bg5 Nbd7 7. Qf3 Qc7 8. O-O-O e6 9. Be2 Be7 10. Qg3 h6 11. Be3 Ne5 12. h4 h5 13. Bg5 b5 14. f4 Neg4 15. Bxg4 Nxg4 16. Bxe7 Kxe7 17. Nf5+ Kf8 18. Nxd6 b4 19. Na4 Bd7 20. Qb3 Qa5 21. a3 Qxa4 22. Qxa4 Bxa4 23. b3 Bc6 24. axb4 Nf2 0-1


[Site "https://www.chess.com"]

[Event "Titled Tuesday Blitz December 7 2021"]
[White "Guliev, Logman"]
[Black "Shahade, Gregory"]
[WhiteFideId "13400061"]
[BlackFideId "2009064"]
[WhiteElo "2128"]
[BlackElo "2677"]
[Result "1-0"]
[Round "06"]
[TimeControl "180+1"]
[Date "2021.12.07"]
[WhiteClock "0:00:20"]
[BlackClock "0:00:05"]

1. e4 e5 2. Nf3 Nc6 3. Bb5 a6 4. Ba4 Nf6 5. O-O Be7 6. Re1 b5 7. Bb3 O-O 8. c3 d5 9. exd5 Nxd5 10. Nxe5 Nxe5 11. Rxe5 c6 12. d4 Bd6 13. Re1 Qh4 14. g3 Qh3 15. Be3 Ra7 16. Nd2 Bg4 17. f3 Bxg3 18. hxg3 Qxg3+ 19. Kh1 Bh3 20. Rg1 Qh4 21. Bg5 Qh5 22. Rg3 h6 23. Bxd5 cxd5 24. Bf6 g5 25. Kg1 Re8 26. f4 g4 27. Nf1 Qf5 28. Be5 f6 29. Ne3 Qh5 30. Nxg4 Bxg4 31. Rxg4+ Kh8 32. Bxf6+ Kh7 33. Qf3 Re4 34. Be5 Qf5 35. Qg3 Rf7 36. Rg7+ Kh8 37. Rg8+ Kh7 38. Rh8# 1-0


[Site "https://www.chess.com"]

[Event "Titled Tuesday Blitz December 7 2021"]
[White "Gunduz, Umut Erdem"]
[Black "Thomas, Anysia"]
[WhiteFideId "6381383"]
[BlackFideId "670472"]
[WhiteElo "2096"]
[BlackElo "2002"]
[Result "1-0"]
[Round "06"]
[TimeControl "180+1"]
[Date "2021.12.07"]
[WhiteClock "0:00:05"]
[BlackClock "0:00:05"]

1. e4 c5 2. Nf3 g6 3. d4 cxd4 4. Qxd4 Nf6 5. e5 Nc6 6. Qa4 Nd5 7. Qb3 Nb6 8. a4 a5 9. Be3 Nb4 10. Na3 Bg7 11. Nc4 Nxc4 12. Bxc4 O-O 13. c3 Nc6 14. Bb6 Qe8 15. O-O-O Nxe5 16. Nxe5 Bxe5 17. Rhe1 d6 18. Bd4 Bd7 19. Qxb7 Bc6 20. Qb6 Bxa4 21. Bxe5 dxe5 22. Rd5 Qc8 23. Bd3 Rb8 24. Qxa5 Qb7 25. Re2 Bc6 26. Rdxe5 Ra8 27. Qb4 Qa7 28. Rxe7 Qa1+ 29. Bb1 Rab8 30. Qc4 Bxg2 31. Qa2 Qxa2 32. Bxa2 Ra8 33. Bb3 Rab8 34. Kc2 Bf3 35. R2e3 Bg4 36. Bd5 Bf5+ 37. Be4 Bxe4+ 38. R3xe4 Kg7 39. b4 Rfc8 40. Kb3 Rb7 41. Rxb7 1-0


[Site "https://www.chess.com"]

[Event "Titled Tuesday Blitz December 7 2021"]
[White "Halkias, Stelios"]
[Black "Makarian, Rudik"]
[WhiteFideId "4201809"]
[BlackFideId "44105681"]
[WhiteElo "2575"]
[BlackElo "2486"]
[Result "0-1"]
[Round "06"]
[TimeControl "180+1"]
[Date "2021.12.07"]
[WhiteClock "0:00:01"]
[BlackClock "0:00:06"]

1. d4 Nf6 2. c4 g6 3. Nc3 Bg7 4. e4 d6 5. Nf3 Bg4 6. Be2 O-O 7. Be3 Nfd7 8. d5 Bxf3 9. Bxf3 c6 10. Rc1 Na6 11. O-O Rc8 12. Be2 Nac5 13. f3 a5 14. Kh1 Re8 15. Qd2 a4 16. Rfd1 Qa5 17. Qc2 Qb4 18. Bd2 Qb6 19. Rb1 Qa7 20. b4 axb3 21. axb3 cxd5 22. Nxd5 e6 23. Nc3 Ne5 24. Be3 Qb8 25. Nb5 Red8 26. Qd2 Bf8 27. Rdc1 Na6 28. Bb6 Rd7 29. Rd1 Nc5 30. f4 Nxe4 31. Qe3 d5 32. fxe5 Qxe5 33. Bf3 Re7 34. Bxe4 dxe4 35. Nd6 Rc6 36. c5 f5 37. Ba5 Rd7 38. b4 Bxd6 39. cxd6 Rcxd6 40. Rxd6 Qxd6 41. Rf1 Qd4 42. Qg5 b6 43. Bxb6 Qxb6 44. Rc1 Qc7 45. h3 Qd8 46. Qe3 Rd1+ 47. Kh2 Rd7 48. Rc6 Qb8+ 49. Kg1 Rd1+ 50. Kf2 Qh2 51. Rc8+ Kg7 52. Qc3+ Kh6 53. Qe3+ f4 54. Qc3 e3+ 55. Kf3 Qg3+ 56. Ke4 Qxg2+ 57. Ke5 Qd5+ 58. Kf6 Qf5+ 59. Ke7 e5 60. Qc6 Qg5+ 61. Kf7 e2 62. Qe8 Qf5+ 0-1


[Site "https://www.chess.com"]

[Event "Titled Tuesday Blitz December 7 2021"]
[White "Hamley, Ryan"]
[Black "Mihailidis, Anastasios"]
[WhiteFideId "30959497"]
[BlackFideId "4205588"]
[WhiteElo "2557"]
[BlackElo "2312"]
[Result "1-0"]
[Round "06"]
[TimeControl "180+1"]
[Date "2021.12.07"]
[WhiteClock "0:00:29"]
[BlackClock "0:00:46"]

1. e4 c5 2. Nf3 d6 3. d4 cxd4 4. Nxd4 Nf6 5. Nc3 g6 6. Be3 Bg7 7. f3 O-O 8. Qd2 Nc6 9. O-O-O d5 10. exd5 Nxd5 11. Nxc6 bxc6 12. Nxd5 cxd5 13. Qxd5 Qc7 14. Qxa8 Bf5 15. Qxf8+ Kxf8 16. Rd2 Bf6 17. g4 Be6 18. Be2 Kg7 19. h4 Bxa2 20. h5 e6 21. h6+ Kf8 22. Rhd1 Qb8 23. c3 Bd5 24. g5 Be5 25. c4 Qxb2+ 26. Rxb2 1-0


[Site "https://www.chess.com"]